 Dungeon Crawl Stone Soup version 0.30-a0-760-g5a9884bb7c (webtiles) character file.

Game seed: 13140133296645212193

135 IdlyInterested the Cudgeller (level 4, -2/33 HPs)
             Began as a Demonspawn Gladiator on Feb 10, 2023.
             Slain by an orc priest
             ... wielding a +0 hand axe
              (4 damage)
             ... on level 3 of the Dungeon.
             The game lasted 00:05:47 (2120 turns).

IdlyInterested the Cudgeller (Demonspawn Gladiator) Turns: 2120, Time: 00:05:48

Health: -2/33      AC:  7    Str: 17    XL:     4   Next: 96%
Magic:  4/4        EV: 10    Int:  9    God:
Gold:   104        SH:  8    Dex: 14    Spells: 3/3 levels left

rFire   . . .      SeeInvis .    a - +1 flail
rCold   . . .      Faith    .    f - +0 buckler
rNeg    . . .      Spirit   .    m - +0 scale mail
rPois   .          Reflect  .    c - +0 helmet
rElec   .          Harm     .    (no cloak)
rCorr   .          Rampage  .    (no gloves)
Will    .....                    (no boots) Stlth
                                 (no amulet)
HPRegen 0.25/turn                (no ring)
MPRegen 0.09/turn                (no ring)

@: no status effects
A: condensation shield, weakness stinger 1
a: no special abilities


You were on level 3 of the Dungeon.
You visited 1 branch of the dungeon, and saw 3 of its levels.

You collected 104 gold pieces.

Inventory:

Hand Weapons
 a - a +1 flail (weapon)
Missiles
 d - 3 throwing nets
 e - a javelin
 i - 13 stones (quivered)
 k - 2 boomerangs
Armour
 b - a +0 leather armour
 c - a +0 helmet (worn)
 f - a +0 buckler (worn)
 m - a +0 scale mail (worn)
Scrolls
 h - a scroll of identify
Potions
 j - a potion of flight
 l - a potion of curing


   Skills:
 - Level 2.0 Fighting
 * Level 4.6 Maces & Flails
 - Level 1.7 Throwing
 - Level 1.0 Armour
 - Level 2.6 Dodging
 - Level 1.0 Stealth
 - Level 1.0 Shields
 + Level 0.6 Evocations


You had 3 spell levels left.
You didn't know any spells.
Your spell library contained the following spells:

 Spells                   Type           Power      Damage    Failure   Level
 Blink                    Tloc           0%         N/A       96%         2
 Lesser Beckoning         Tloc           0%         N/A       96%         2
 Momentum Strike          Conj/Tloc      0%         3d8       96%         2


Dungeon Overview and Level Annotations

Branches:
Dungeon (3/15)

Altars:
Uskayaw


Innate Abilities, Weirdness & Mutations

A meltable shield of frost defends you. (SH +4)
You have a small tail.


Message History

You closely miss the orc.
You feel sick. The orc barely misses you.
You barely miss the orc.
You feel sick. You block the orc's attack.
You closely miss the orc.
Your tail-slap misses the orc.
You feel sick. The orc completely misses you. You block the orc's attack.
You sock the orc!
You kill the orc!
You feel sick.
You are no longer poisoned.
You closely miss the orc priest.
The orc priest hits you with a +0 hand axe.
You hit the orc priest but do no damage.
The orc priest calls down the wrath of Beogh upon you.
Pain shoots through your body!
* * * LOW HITPOINT WARNING * * *
You barely miss the orc priest. The orc priest closely misses you.
The orc priest barely misses you.
You hit the orc priest.
The orc priest is lightly wounded.
You block the orc priest's attack.
You closely miss the orc priest.
The orc priest is lightly wounded.
You block the orc priest's attack.
You hit the orc priest but do no damage.
You tail-slap the orc priest.
The orc priest is moderately wounded.
The orc priest mumbles some strange prayers to Beogh against you.
Pain shoots through your body!
* * * LOW HITPOINT WARNING * * *
You feel better.
The orc priest hits you with a +0 hand axe.
You closely miss the orc priest.
The orc priest is moderately wounded.
The orc priest hits you with a +0 hand axe.
You barely miss the orc priest.
The orc priest is moderately wounded.
The orc priest mumbles some strange prayers to Beogh against you.
Beogh smites you!
* * * LOW HITPOINT WARNING * * *
The orc priest hits you with a +0 hand axe.
You die...

#.#####.#.#####.......#
#.#...........###
#.#.#########.#
..####.#.# #.#
#o.oo..#.# #.#
#....#########.#
##.#...........# .
#o############# #..
##@# #...###.## #...##
#####


You could see an orc priest.

Vanquished Creatures
  An orc wizard (D:3)
  3 gnolls (D:2)
  2 adders
  A worm (D:2)
  A dart slug (D:2)
  3 orcs (D:3)
  2 ball pythons (D:1)
  3 bats
  5 endoplasms
  2 giant cockroaches
  6 goblins
  7 hobgoblins
  A jackal (D:1)
  3 kobolds (D:1)
  2 quokkas (D:2)
  4 frilled lizards
  3 rats
49 creatures vanquished.

Vanquished Creatures (others)
  14 plants
14 creatures vanquished.

Grand Total: 63 creatures vanquished

Notes
Turn   | Place    | Note
-------+----------+-------------------------------------------
     0 | D:1      | IdlyInterested the Demonspawn Gladiator began the quest for
                  | the Orb.
     0 | D:1      | Reached XP level 1. HP: 16/16 MP: 1/1
    60 | D:1      | Reached skill level 3 in Maces & Flails
   239 | D:1      | Gained mutation: You have a small tail. [demonic ancestry]
   239 | D:1      | Reached XP level 2. HP: 14/22 MP: 2/2
   518 | D:1      | Reached skill level 1 in Armour
   814 | D:2      | Gained mutation: A meltable shield of frost defends you.
                  | (SH +4) [demonic ancestry]
   814 | D:2      | Reached XP level 3. HP: 22/27 MP: 3/3
   927 | D:2      | Reached skill level 4 in Maces & Flails
   927 | D:2      | Reached skill level 1 in Shields
   962 | D:2      | Reached XP level 4. HP: 24/33 MP: 4/4
  1110 | D:2      | Found a hide-covered altar of Uskayaw.
  2028 | D:3      | Reached skill level 1 in Stealth
  2120 | D:3      | Slain by an orc priest

Illustrated notes

Levels and vault maps discovered:
D:1:      minmay_arrival_stone_box, layout_loops_ring
D:2:      layout_loops_ring, basic_altar, chequers_big_river
D:3:      layout_loops_ring, mainiacjoe_overflow_catwalk,
          lemuel_coloured_pillars_altar, fedhas_ov_isle_minmay,
          basic_ecumenical_altar, uniq_natasha

Skill      XL: |  1  2  3  4 |
---------------+-------------+-----
Maces & Flails | 3 4 |  4.6
Armour         | 1 |  1.0
Shields        | 1 |  1.0
Stealth        | 1 |  1.0
Fighting       | |  2.0
Throwing       | |  1.7
Dodging        | |  2.6
Evocations     | |  0.6

Action                     |  1- 3 |  4- 6 || total
---------------------------+-------+-------++-------
  Melee: Flail             |    79 |    66 ||   145
         Tailslap          |     8 |     9 ||    17
  Throw: Stone             |     3 |       ||     3
    Use: Scroll            |       |     6 ||     6
         Potion            |       |     3 ||     3
   Stab: Sleeping          |     1 |       ||     1
 Armour: Leather armour    |    16 |     4 ||    20
         Scale mail        |       |     3 ||     3
  Dodge: Dodged            |    32 |    31 ||    63
  Block: Buckler           |    19 |    26 ||    45

Table legend: (Time is in decaauts)
 A = Elapsed time spent in this place.
 B = Non-inter-level travel time spent in this place.
 C = Inter-level travel time spent in this place.
 D = Time resting spent in this place.
 E = Time spent auto-exploring this place.
 F = Levels seen in this place.
 G = Mean time per level.
                   A        B        C        D        E       F      G
               +--------+--------+--------+--------+--------+-----+--------+
         Total |   2170 |   1932 |    238 |    219 |   1190 |   3 |  723.3 |
       Dungeon |   2170 |   1932 |    238 |    219 |   1190 |   3 |  723.3 |
               +--------+--------+--------+--------+--------+-----+--------+

Top non-repeatable levels by time:
     D:2: 939 daAuts
     D:1: 906 daAuts
     D:3: 324 daAuts
